 Dungeon Crawl Stone Soup version 0.15.0-27-gbdb0435 (webtiles) character file.

86 Psiweapon the Ruffian (level 4, 0/25 HPs)
             Began as a Gargoyle Transmuter on Sept 11, 2014.
             Slain by an adder (3 damage)
             ... on Level 3 of the Dungeon.
             The game lasted 00:07:06 (2379 turns).

Psiweapon the Ruffian (Gargoyle Transmuter)         Turns: 2379, Time: 00:07:06

HP   0/25        AC  7     Str 13      XL: 4   Next: 49%
MP   8/8         EV 11     Int 14      God:
Gold 89          SH  0     Dex 11      Spells:  1 memorised,  6 levels left

rFire  . . .     SeeInvis .       - Unarmed
rCold  . . .     Clarity  .     n - +0 leather armour
rNeg   + . .     rCorr    .     (no shield)
rPois  +         rRot     +     (no helmet)
rElec  +         Spirit   .     (no cloak)
SustAb .         Warding  .     q - +0 pair of gloves
rMut   .         Stasis   .     (boots unavailable)
Gourm  .                        (no amulet)
MR     .....                    (no ring)
                                (no ring)

@: appendage (expiring), not resistant to hostile enchantments, very unstealthy
A: talons 3, negative energy resistance 1, electricity resistance, unbreathing,
petrification resistance, rot immunity, AC +3
a: End Transformation


You were on level 3 of the Dungeon.
You were not hungry.
You had grown temporary talons.
You visited 1 branch of the dungeon, and saw 3 of its levels.

You collected 89 gold pieces.

Inventory:

Hand weapons
 h - a +0 falchion of holy wrath
Missiles
 b - 51 arrows
 g - 22 stones (quivered)
 v - 8 bolts of penetration
Armour
 c - a +0 robe
 n - a +0 leather armour (worn)
 o - a +0 ring mail
 q - a +0 pair of gloves (worn)
Comestibles
 a - 3 bread rations
 f - 2 rotting chunks of hobgoblin flesh
 l - a fruit
 m - a slice of pizza
 s - 2 rotting chunks of kobold flesh
 t - 4 chunks of hobgoblin flesh
Scrolls
 e - 2 scrolls of random uselessness {unknown}
 i - a scroll of remove curse {unknown}
 k - a scroll of blinking {unknown}
 r - 3 scrolls of identify {unknown}
Potions
 j - 4 potions of curing {unknown}
 p - a potion of lignification {unknown}
 u - 3 potions of agility {unknown}
Books
 d - a book of Changes

   Spells                             Type                      Level
   *Beastly Appendage                 Transmutation                1
   Sticks to Snakes                   Transmutation                2
   Spider Form                        Transmutation/Poison         3
   Ice Form                           Ice/Transmutation            4
   Blade Hands                        Transmutation                5


   Skills:
 - Level 1.2 Fighting
 - Level 1.9 Dodging
 + Level 4.6 Unarmed Combat
 - Level 2.3 Spellcasting
 - Level 1.7 Transmutations


You had 6 spell levels left.
You knew the following spells:

 Your Spells              Type           Power        Failure   Level  Hunger
a - Beastly Appendage     Trmt           #.....       14%         1    #......


Dungeon Overview and Level Annotations

Branches:
Dungeon (3/15)

Altars:
Qazlal
Sif Muna


Innate Abilities, Weirdness & Mutations

You are resistant to torment.
You are immune to poison.
Your stone body is very resilient (AC +3).
You resist negative energy.
You are resistant to electric shocks.
You can survive without breathing.
You are immune to petrification.
You are immune to rotting.
You have claws for feet.


Message History

The adder closely misses you. The adder bites you but does no damage.
You hit the adder.
The adder is almost dead.
The adder bites you.
You barely miss the adder.
The adder is almost dead.
The adder barely misses you.
Your leather armour prevents you from hitting the adder.
The adder is almost dead.
The adder barely misses you.
You barely miss the adder.
The adder is almost dead.
The adder bites you.
* * * LOW HITPOINT WARNING * * *
You barely miss the adder.
The adder is almost dead.
The adder bites you.
* * * LOW HITPOINT WARNING * * *
The adder bites you.
You die...

### #.#########
#.........#
#.#########.#######.#
###.............# #.#
.......S@.....#.# #.#
###############.# #.#
# #.# #.# #.# #.# .
#.# #.###### ## #.#
....... .# #.#


You could see an adder.

Vanquished Creatures
  3 adders (D:2)
  A giant gecko (D:2)
  2 oozes
  7 giant cockroaches
  6 goblins
  11 hobgoblins
  7 kobolds
  A quokka (D:2)
  A ball python (D:2)
  5 bats
  2 giant newts
  A jackal (D:1)
  6 rats
53 creatures vanquished.

Notes
Turn   | Place    | Note
--------------------------------------------------------------
     0 | D:1      | Psiweapon, the Gargoyle Transmuter, began the quest for the Orb.
     0 | D:1      | Reached XP level 1. HP: 12/12 MP: 3/3
   184 | D:1      | Reached XP level 2. HP: 13/16 MP: 4/4
   821 | D:1      | Reached XP level 3. HP: 20/20 MP: 4/6
  1173 | D:2      | Found a deep blue altar of Sif Muna.
  1465 | D:2      | Reached skill level 4 in Unarmed Combat
  1509 | D:2      | Reached XP level 4. HP: 21/25 MP: 6/8
  1757 | D:2      | Found a stormy altar of Qazlal.
  2379 | D:3      | Slain by an adder

Action                   |  1- 3 |  4- 6 || total
-------------------------+-------+-------++-------
Melee: Unarmed           |   143 |   100 ||   243
Throw: Stone             |     6 |    11 ||    17
 Cast: Beastly Appendage |    14 |    12 ||    26
  Eat: Chunk             |     2 |     3 ||     5
